 Dungeon Crawl Stone Soup version 0.27-a0-1193-g8631133539 (webtiles) character file.

Game seed: 5761104254359888498

82387 flotson the Covert (level 15, -32/120 HPs)
             Began as a Gnoll Delver on May 25, 2021.
             Was an Initiate of Gozag.
             Annihilated by a dire elephant simulacrum (39 damage)
             ... on level 6 of the Lair of Beasts.
             The game lasted 00:57:57 (25098 turns).

flotson the Covert (Gnoll Delver)                  Turns: 25098, Time: 00:57:58

Health: -32/120    AC: 32    Str: 18    XL:     15   Next: 73%
Magic:  29/29      EV: 11    Int:  7    God:    Gozag
Gold:   2359       SH: 25    Dex: 14    Spells: 22/34 levels left

rFire    + + .     SeeInvis .   a - +12 dagger "Viseple" {flame, Int+2}
rCold    x . .     Faith    .   V - +8 tower shield of the Sneaky People {Rampage Regen+ Stlth+}
rNeg     . . .     Spirit   .   b - +6 fire dragon scales of the Eternal Void {rF++ rC- Will+++ Int-4}
rPois    +         Reflect  .   F - +1 helmet
rElec    .         Harm     .   O - +1 cloak {Will+}
rCorr    .         Rampage  +   Q - +1 pair of gloves
Will     +++++                  W - +2 pair of boots
Stlth    +++++.....             K - amulet of the acrobat
HPRegen  1.30/turn              Y - +4 ring of protection
MPRegen  0.21/turn              s - ring of poison resistance

@: no status effects
A: fangs 1, strong nose, distributed training
a: Renounce Religion, Potion Petition, Call Merchant, Bribe Branch


You were on level 6 of the Lair of Beasts.
You worshipped Gozag.
Gozag was most pleased with you.
You visited 3 branches of the dungeon, and saw 19 of its levels.
You visited the Abyss 1 time.
You also visited: Sewer.

You collected 5005 gold pieces.
You spent 2549 gold pieces at shops.
You paid 97 gold pieces to Gozag.

Inventory:

Hand Weapons
 a - the +12 dagger "Viseple" (weapon) {flame, Int+2}
   (You found it on level 8 of the Dungeon)

   It has been specially enchanted to burn those struck by it, causing extra
   injury to most foes and up to half again as much damage against particularly
   susceptible opponents.
   It affects your intelligence (+2).
Missiles
 d - 8 throwing nets
 h - 10 atropa-tipped darts
 j - 6 curare-tipped darts
 B - 18 boomerangs (quivered)
 H - 4 silver javelins
Armour
 b - the +6 fire dragon scales of the Eternal Void (worn) {rF++ rC- Will+++ Int-4}
   (You bought it in a shop on level 2 of the Dungeon)

   It affects your intelligence (-4).
   It greatly protects you from fire.
   It makes you vulnerable to cold.
   It greatly increases your willpower.
 F - a +1 helmet (worn)
 O - a +1 cloak of willpower (worn)
 Q - a +1 pair of gloves (worn)
 V - the +8 tower shield of the Sneaky People (worn) {Rampage Regen+ Stlth+}
   (You bought it in a shop on level 4 of the Dungeon)

   It increases your rate of health regeneration.
   It bestows one free step when moving towards enemies.
   It makes you more stealthy.
 W - a +2 pair of boots (worn)
 X - the +5 ring mail of the Serpent {Fly Stlth+}
   (You bought it in a shop on level 2 of the Dungeon)

   It grants you flight.
   It makes you more stealthy.
Jewellery
 n - a +6 ring of dexterity
 s - a ring of poison resistance (right hand)
 u - an amulet of reflection
 I - a ring of protection from cold
 K - an amulet of the acrobat (around neck)
 Y - a +4 ring of protection (left hand)
Wands
 f - a wand of mindburst (5)
 g - a wand of digging (4)
 z - a wand of acid (13)
 E - a wand of paralysis (17)
 S - a wand of iceblast (19)
Scrolls
 c - 2 scrolls of fog
 e - 9 scrolls of fear
 i - a scroll of brand weapon {unknown}
 k - 3 scrolls of teleportation
 r - 5 scrolls of acquirement {unknown}
 t - 7 scrolls of noise {unknown}
 v - 2 scrolls of holy word {unknown}
 w - a scroll of summoning {unknown}
 x - a scroll of immolation {unknown}
 A - 2 scrolls of blinking {unknown}
 C - 3 scrolls of enchant weapon
 J - 4 scrolls of vulnerability {unknown}
 L - a scroll of silence {unknown}
 P - 3 scrolls of magic mapping
 T - 2 scrolls of amnesia {unknown}
Potions
 l - 2 potions of cancellation
 m - 2 potions of might
 o - 6 potions of heal wounds
 p - 12 potions of curing
 q - 7 potions of mutation
 y - a potion of attraction
 D - 7 potions of flight
 G - a potion of resistance {unknown}
 M - a potion of berserk rage {unknown}
 N - 7 potions of haste
 R - 3 potions of lignification
 Z - 2 potions of invisibility {unknown}
Miscellaneous
 U - a piece from Xom's chessboard (15/15)


   Skills:
 + Level 11.9 Fighting
 + Level 10.2 Short Blades
 + Level 10.2 Long Blades
 + Level 10.2 Axes
 + Level 10.2 Maces & Flails
 + Level 11.1 Polearms
 + Level 10.2 Staves
 + Level 10.2 Slings
 + Level 10.2 Bows
 + Level 10.2 Crossbows
 + Level 10.2 Throwing
 + Level 10.2 Armour
 + Level 11.1 Dodging
 + Level 13.4 Stealth
 + Level 10.2 Shields
 + Level 10.2 Unarmed Combat
 + Level 10.2 Spellcasting
 + Level 8.6 Conjurations
 + Level 8.6 Hexes
 + Level 8.6 Summonings
 + Level 8.6 Necromancy
 + Level 8.6 Translocations
 + Level 8.6 Transmutations
 + Level 8.6 Fire Magic
 + Level 8.6 Ice Magic
 + Level 8.6 Air Magic
 + Level 8.6 Earth Magic
 + Level 8.6 Poison Magic
 + Level 11.1 Invocations
 + Level 10.2 Evocations


You had 22 spell levels left.
You knew the following spells:

 Your Spells              Type           Power      Damage    Failure   Level
a - Blink                 Tloc           N/A        N/A       14%         2
b - Slow                  Hex            15%        N/A       14%         2
c - Mephitic Cloud        Conj/Pois/Air  15%        N/A       28%         3
d - Call Imp              Summ           15%        N/A       14%         2
e - Ignite Poison         Fire/Tmut/Pois 15%        N/A       28%         3

Your spell library contained the following spells:

 Spells                   Type           Power      Damage    Failure   Level
 Magic Dart               Conj           60%        1d6       10%         1
 Corpse Rot               Necr/Air       N/A        N/A       14%         2
 Sublimation of Blood     Necr           7%         N/A       14%         2
 Conjure Flame            Conj/Fire      15%        6-21      28%         3
 Animate Dead             Necr           7%         N/A       67%         4
 Dispel Undead            Necr           15%        3d10      67%         4
 Petrify                  Tmut/Erth      15%        N/A       67%         4
 Agony                    Necr           15%        N/A       95%         5
 Alistair's Intoxication  Tmut/Pois      10%        N/A       95%         5
 Borgnjor's Vile Clutch   Necr/Erth      7%         N/A       95%         5
 Excruciating Wounds      Necr           7%         N/A       95%         5
 Fireball                 Conj/Fire      7%         3d5       95%         5
 Irradiate                Conj/Tmut      7%         3d16      95%         5
 Summon Forest            Summ/Tloc      7%         N/A       95%         5
 Summon Mana Viper        Hex/Summ       15%        N/A       95%         5
 Death Channel            Necr           7%         N/A       100%        6
 Eringya's Noxious Bog    Tmut/Pois      7%         N/A       100%        6
 Shadow Creatures         Summ           N/A        N/A       100%        6
 Simulacrum               Ice/Necr       7%         N/A       100%        6
 Starburst                Conj/Fire      7%         8x6d4     100%        6
 Summon Hydra             Summ           7%         N/A       100%        7
 Ignition                 Fire           7%         3d5       100%        8


Dungeon Overview and Level Annotations

Branches:
Dungeon (12/15)            Temple (1/1) D:4            Lair (6/6) D:11
  Swamp (0/4) Lair:4       Spider (0/4) Lair:2        Slime (0/5) Lair:6
  Sewer (visited)
    Orc: D:9-12

Altars:
Ashenzari
Cheibriados
Dithmenos
Elyvilon
Fedhas
Gozag
Hepliaklqana
Kikubaaqudgha
Makhleb
Nemelex Xobeh
Okawaru
Qazlal
Ru
Sif Muna
Trog
Uskayaw
Vehumet
Wu Jian
Xom
Yredelemnul
Zin
The Shining One
Jiyva

Shops:
D:2 [   D:4 [


Innate Abilities, Weirdness & Mutations

You have very sharp teeth.
Your uncanny sense of smell can sniff out nearby items.
Your experience applies equally to all skills.


Message History

The dire elephant simulacrum trunk-slaps you but does no damage.
You hit the dire elephant simulacrum.
You melt the dire elephant simulacrum.
The dire elephant simulacrum is lightly damaged.
You block the dire elephant simulacrum's attack.
The dire elephant simulacrum barely misses you.
You hit the dire elephant simulacrum but do no damage.
The dire elephant simulacrum is lightly damaged.
You hit the dire elephant simulacrum but do no damage.
The dire elephant simulacrum is lightly damaged.
You block the dire elephant simulacrum's attack.
The dire elephant simulacrum barely misses you.
You hit the dire elephant simulacrum.
You melt the dire elephant simulacrum.
You bite the dire elephant simulacrum, but do no damage.
The dire elephant simulacrum is moderately damaged.
You block the dire elephant simulacrum's attack.
The dire elephant simulacrum barely misses you.
You puncture the dire elephant simulacrum!
You melt the dire elephant simulacrum.
You bite the dire elephant simulacrum, but do no damage.
The dire elephant simulacrum is severely damaged.
You hit the dire elephant simulacrum.
You melt the dire elephant simulacrum.
The dire elephant simulacrum is severely damaged.
The dire elephant simulacrum tramples you.
The dire elephant simulacrum freezes you!!!
You feel a terrible chill!
* * * LOW HITPOINT WARNING * * *
You block the dire elephant simulacrum's attack.
You hit the dire elephant simulacrum but do no damage.
The dire elephant simulacrum is severely damaged.
You block the dire elephant simulacrum's attack. x2
You hit the dire elephant simulacrum.
You melt the dire elephant simulacrum.
The dire elephant simulacrum is almost destroyed.
You hit the dire elephant simulacrum but do no damage.
The dire elephant simulacrum is almost destroyed.
The dire elephant simulacrum tramples you!!
* * * LOW HITPOINT WARNING * * *
The dire elephant simulacrum freezes you!!!
You feel a terrible chill!
You die...
Your body crumbles into a pile of gold.

.....#P####..........[........#
.....♣.....................#.##
'########♣P....P.♣####♣.....#.#
........###....♣## ##.#.P###
P8#####P..##♣♣♣# ##...##
8###PY###.#### ∆ #....#
###8pY..#....#### #....#
P8#)(Y..####...$#+# ##...##
$)#$$.Y.# ####.@.# #...##
.=#8YY..+ #$#Z..# ♣P..###
P8##.P.##..Z......8..8♣♣♣....#
########♣♣...♣♣......#
#8♣♣......## ♣♣##P..P.# ##....#
#....# ######


You could see a dire elephant simulacrum.

Vanquished Creatures
  Gastronok (Lair:3)
  Nessos (Lair:5)
  2 dire elephants (Lair:6)
  Fannar (D:10)
  Harold (D:7)
  4 boulder beetles
  13 hydras
  A catoblepas (Lair:2)
  A centaur warrior (D:9)
  5 two-headed ogres
  13 death yaks
  A spectral dire elephant (Lair:6)
  Nergalle (Lair:3)
  A titan zombie (Abyss:3)
  A fire crab (Lair:3)
  A wizard (D:9)
  Pikel (D:8)
  A wolf spider zombie (Abyss:3)
  A deep elf zephyrmancer (D:9)
  4 oklob plants (Lair:3)
  An orc knight (D:9)
  3 manticores
  An orc sorcerer (D:9)
  4 black mambas
  15 elephants
  A gargoyle (D:11)
  9 cane toads
  An unseen horror (D:10)
  A kobold demonologist (D:9)
  Psyche (D:10)
  4 komodo dragons
  3 rime drakes
  An efreet (Abyss:3)
  A tengu conjurer (D:9)
  2 polar bears
  A troll (D:9)
  2 hornets
  26 blink frogs
  27 dream sheep
  The ghost of bjtr the Chiller, an amateur GrIE (D:4)
  2 spectral elephants (Lair:6)
  Sigmund (D:6)
  3 vampires
  The ghost of hgbash the Conjurer, an amateur DECj (D:3)
  A ynoxinul (Abyss:3)
  58 yaks
  A tarantella (shapeshifter) (D:9)
  Eustachio (D:4)
  A fire elemental (D:11)
  A large abomination (Abyss:3)
  8 basilisks
  7 wyverns
  4 vampire mosquitoes (Lair:4)
  A golden eye (Abyss:3)
  7 small abominations (Abyss:3)
  2 steam dragons
  2 acid dragons
  A spectral cane toad (Lair:6)
  11 water moccasins
  5 orc warriors
  An ice beast (D:6)
  12 wolves
  3 black bears
  2 necrophages
  2 elephant zombies (Lair:6)
  2 centaurs
  2 elephant skeletons (Lair:6)
  3 ogres (D:6)
  Blork the orc (D:6)
  5 kobold brigands
  15 bullfrogs
  5 gnoll sergeants
  A cane toad simulacrum (Lair:6)
  2 wyvern zombies
  2 elephant simulacra (Lair:6)
  A killer bee (D:9)
  4 wights (D:10)
  A crimson imp (D:4)
  A bullfrog zombie (D:3)
  5 howler monkeys
  A jelly (D:4)
  A lava snake (D:11)
  3 centaur zombies
  5 hounds
  2 gnoll shamans
  5 orc priests
  A centaur skeleton (D:3)
  2 bullfrog skeletons
  3 iguanas (D:4)
  10 orc wizards
  2 scorpion zombies (D:4)
  A mummy (D:5)
  28 gnolls
  11 adders
  A river rat (Sewer)
  A shadow imp (D:6)
  6 white imps
  3 ufetubi
  3 worms
  3 dart slugs
  23 orcs
  6 bats
  14 endoplasms
  A giant cockroach (D:1)
  5 goblins
  7 hobgoblins
  10 jackals
  6 quokkas
  12 ball pythons
  5 frilled lizards (D:1)
  14 kobolds
  17 rats
  A fire vortex (D:11)
561 creatures vanquished.

Vanquished Creatures (others)
  A bush (Lair:6)
  38 fungi
  81 plants
  8 withered plants (Lair:6)
128 creatures vanquished.

Grand Total: 689 creatures vanquished

Notes
Turn   | Place    | Note
-------+----------+-------------------------------------------
     0 | D:5      | Reached skill level 9 in Stealth
     0 | D:5      | flotson the Gnoll Delver began the quest for the Orb.
     0 | D:5      | Reached XP level 1. HP: 23/23 MP: 1/1
   169 | D:5      | Noticed a black bear
   186 | D:4      | Noticed an iguana
   205 | D:4      | Killed an iguana
   206 | D:4      | Reached XP level 2. HP: 11/29 MP: 2/2
   206 | D:4      | Reached XP level 3. HP: 13/35 MP: 3/3
   229 | D:4      | Found a runed translucent gate.
   229 | D:4      | Found a runed translucent gate.
   229 | D:4      | Found a runed translucent gate.
   229 | D:4      | Noticed bjtr's ghost (amateur GrIE)
   231 | D:4      | Found a basalt altar of Yredelemnul.
   231 | D:4      | Noticed Eustachio
   258 | D:4      | Reached skill level 1 in Invocations
   488 | D:4      | Reached skill level 1 in Short Blades
   488 | D:4      | Reached skill level 1 in Long Blades
   488 | D:4      | Reached skill level 1 in Axes
   488 | D:4      | Reached skill level 1 in Maces & Flails
   488 | D:4      | Reached skill level 1 in Staves
   488 | D:4      | Reached skill level 1 in Slings
   488 | D:4      | Reached skill level 1 in Bows
   488 | D:4      | Reached skill level 1 in Crossbows
   488 | D:4      | Reached skill level 1 in Throwing
   488 | D:4      | Reached skill level 1 in Armour
   488 | D:4      | Reached skill level 1 in Shields
   488 | D:4      | Reached skill level 1 in Unarmed Combat
   488 | D:4      | Reached skill level 1 in Spellcasting
   488 | D:4      | Reached skill level 1 in Evocations
   750 | D:3      | Found a runed translucent gate.
   750 | D:3      | Found a runed translucent gate.
   750 | D:3      | Found a runed translucent gate.
   752 | D:3      | Noticed hgbash's ghost (amateur DECj)
   831 | D:3      | Found a glowing drain.
   840 | D:3      | Reached XP level 4. HP: 13/41 MP: 5/5
   848 | Sewer    | Entered a sewer
  1100 | Sewer    | Noticed a kobold brigand
  1109 | Sewer    | Killed a kobold brigand
  1110 | Sewer    | Reached skill level 1 in Conjurations
  1110 | Sewer    | Reached skill level 1 in Hexes
  1110 | Sewer    | Reached skill level 1 in Summonings
  1110 | Sewer    | Reached skill level 1 in Necromancy
  1110 | Sewer    | Reached skill level 1 in Translocations
  1110 | Sewer    | Reached skill level 1 in Transmutations
  1110 | Sewer    | Reached skill level 1 in Fire Magic
  1110 | Sewer    | Reached skill level 1 in Ice Magic
  1110 | Sewer    | Reached skill level 1 in Air Magic
  1110 | Sewer    | Reached skill level 1 in Earth Magic
  1110 | Sewer    | Reached skill level 1 in Poison Magic
  1110 | Sewer    | Reached XP level 5. HP: 23/47 MP: 5/7
  1277 | Sewer    | Noticed a kobold brigand
  1279 | Sewer    | Killed a kobold brigand
  1459 | Sewer    | Noticed a kobold brigand
  1461 | Sewer    | Killed a kobold brigand
  1462 | Sewer    | Reached XP level 6. HP: 53/53 MP: 8/8
  1796 | Sewer    | Reached skill level 5 in Polearms
  1796 | Sewer    | Reached skill level 5 in Dodging
  3290 | D:1      | Learned a level 2 spell: Blink
  3314 | D:1      | Learned a level 2 spell: Slow
  3318 | D:1      | Learned a level 3 spell: Mephitic Cloud
  3461 | D:2      | Found a hide-covered altar of Uskayaw.
  3500 | D:2      | Reached XP level 7. HP: 39/59 MP: 10/10
  3824 | D:2      | Found Sevodgh's Antique Armour Shoppe.
  4801 | D:3      | HP: 3/60 [orc priest/divine providence (9)]
  4811 | D:2      | HP: 2/60 [orc/+0 flail (3)]
  5181 | D:2      | Found a hide-covered altar of Uskayaw.
  5659 | D:2      | Found Sevodgh's Antique Armour Shoppe.
  6152 | D:3      | Found a faded altar of an unknown god.
  6288 | D:3      | Found a glowing silver altar of Zin.
  6457 | D:4      | Learned a level 2 spell: Call Imp
  6772 | D:4      | Killed Eustachio
  7130 | D:4      | Reached skill level 10 in Stealth
  7160 | D:4      | Found a staircase to the Ecumenical Temple.
  7166 | Temple   | Entered the Ecumenical Temple
  7242 | D:4      | Found Yhiblam's Antique Armour Boutique.
  7258 | D:4      | Reached XP level 8. HP: 67/67 MP: 12/12
  7423 | D:4      | Found a hide-covered altar of Uskayaw.
  7505 | D:4      | Found a sparkling altar of Nemelex Xobeh.
  7505 | D:4      | Found a shimmering altar of Xom.
  8105 | D:5      | Found a snail-covered altar of Cheibriados.
  8554 | D:5      | Found an iron altar of Okawaru.
  8739 | D:6      | Noticed Sigmund
  8743 | D:6      | Found a blossoming altar of Fedhas.
  8788 | D:6      | Killed Sigmund
  9038 | D:6      | Reached XP level 9. HP: 67/72 MP: 14/14
  9366 | D:6      | Noticed Blork the orc
  9377 | D:6      | Killed Blork the orc
 10159 | D:2      | Bought an embroidered cloak for 187 gold pieces
 10233 | D:3      | Killed hgbash's ghost
 10467 | D:4      | Killed bjtr's ghost
 10749 | D:7      | Reached skill level 5 in Invocations
 11224 | D:7      | Noticed Harold
 11253 | D:7      | Killed Harold
 11254 | D:7      | Reached skill level 5 in Short Blades
 11254 | D:7      | Reached skill level 5 in Long Blades
 11254 | D:7      | Reached skill level 5 in Axes
 11254 | D:7      | Reached skill level 5 in Maces & Flails
 11254 | D:7      | Reached skill level 5 in Staves
 11254 | D:7      | Reached skill level 5 in Slings
 11254 | D:7      | Reached skill level 5 in Bows
 11254 | D:7      | Reached skill level 5 in Crossbows
 11254 | D:7      | Reached skill level 5 in Throwing
 11254 | D:7      | Reached skill level 5 in Armour
 11254 | D:7      | Reached skill level 5 in Shields
 11254 | D:7      | Reached skill level 5 in Unarmed Combat
 11254 | D:7      | Reached skill level 5 in Spellcasting
 11254 | D:7      | Reached skill level 5 in Evocations
 11254 | D:7      | Reached XP level 10. HP: 61/81 MP: 17/17
 11567 | D:8      | Noticed a two-headed ogre
 11595 | D:8      | Noticed Pikel
 11601 | D:8      | Killed Pikel
 11776 | D:8      | Identified the +12 dagger "Viseple" {flame, Int+2}
 12013 | D:8      | Killed a two-headed ogre
 12101 | D:8      | Noticed a two-headed ogre
 12139 | D:8      | Killed a two-headed ogre
 12140 | D:8      | Reached skill level 11 in Stealth
 12233 | D:8      | Found an opulent altar of Gozag.
 12236 | D:8      | Became a worshipper of Gozag Ym Sagoz the Greedy
 12240 | D:8      | Found a bloodstained altar of Trog.
 12676 | D:9      | Reached XP level 11. HP: 78/87 MP: 19/19
 12716 | D:9      | Found a radiant altar of Vehumet.
 13279 | D:4      | Bought a polished tower shield for 256 gold pieces
 13279 | D:4      | Identified the +8 tower shield of the Sneaky People
                  | {Rampage Regen+ Stlth+} (You bought it in a shop on level 4
                  | of the Dungeon)
 13451 | D:9      | Noticed a deep elf zephyrmancer
 13455 | D:9      | Noticed an orc sorcerer
 13457 | D:9      | Noticed a sixfirhy
 13465 | D:9      | Killed a deep elf zephyrmancer
 13474 | D:9      | Reached skill level 5 in Conjurations
 13474 | D:9      | Reached skill level 5 in Hexes
 13474 | D:9      | Reached skill level 5 in Summonings
 13474 | D:9      | Reached skill level 5 in Necromancy
 13474 | D:9      | Reached skill level 5 in Translocations
 13474 | D:9      | Reached skill level 5 in Transmutations
 13474 | D:9      | Reached skill level 5 in Fire Magic
 13474 | D:9      | Reached skill level 5 in Ice Magic
 13474 | D:9      | Reached skill level 5 in Air Magic
 13474 | D:9      | Reached skill level 5 in Earth Magic
 13474 | D:9      | Reached skill level 5 in Poison Magic
 13481 | D:9      | Killed an orc sorcerer
 13575 | D:9      | Noticed an orc knight
 13681 | D:9      | Noticed a centaur warrior
 13685 | D:9      | Killed a centaur warrior
 13987 | D:9      | Noticed a manticore
 13989 | D:9      | Killed a manticore
 14031 | D:9      | Noticed a boulder beetle
 14041 | D:9      | Noticed a two-headed ogre
 14041 | D:9      | Noticed a two-headed ogre
 14042 | D:9      | Killed a two-headed ogre
 14044 | D:9      | Killed a two-headed ogre
 14075 | D:9      | Killed a boulder beetle
 14092 | D:9      | Noticed a manticore
 14093 | D:9      | Noticed a wizard
 14096 | D:9      | Cast into level 3 of the Abyss (a wizard)
 14106 | Abyss:3  | Noticed a salamander
 14106 | Abyss:3  | a troll changed into a salamander
 14126 | Abyss:3  | Noticed a large abomination
 14127 | Abyss:3  | Noticed a large abomination
 14131 | Abyss:3  | Noticed a shining eye
 14144 | Abyss:3  | Noticed a death drake
 14184 | Abyss:3  | Noticed a large abomination
 14298 | Abyss:3  | Noticed a starcursed mass
 14426 | Abyss:3  | Noticed a thrashing horror
 14426 | Abyss:3  | Noticed a thrashing horror
 14450 | Abyss:3  | Noticed a starcursed mass
 14451 | Abyss:3  | Noticed a phantasmal warrior
 14452 | Abyss:3  | Noticed a large abomination
 14459 | Abyss:3  | Paralysed by accursed screaming for 1 turns
 14535 | Abyss:3  | Noticed a thrashing horror
 14557 | Abyss:3  | Noticed a large abomination
 14560 | Abyss:3  | Noticed a spatial maelstrom
 14594 | Abyss:3  | Reached XP level 12. HP: 96/96 MP: 22/22
 14642 | Abyss:3  | Noticed a tentacled starspawn
 14746 | Abyss:3  | Noticed a tentacled starspawn
 14753 | Abyss:3  | Noticed a bone dragon
 14756 | Abyss:3  | Noticed a dread lich
 14846 | Abyss:3  | Noticed a tentacled starspawn
 14878 | Abyss:3  | Noticed a thrashing horror
 14878 | Abyss:3  | Noticed a thrashing horror
 14914 | Abyss:3  | Noticed a profane servitor
 14936 | Abyss:3  | Noticed a great orb of eyes
 14940 | Abyss:3  | Noticed a wretched star
 14988 | Abyss:3  | Noticed a boulder beetle
 15080 | D:9      | Escaped the Abyss
 15153 | D:9      | Identified the +6 spear of the Thing {distort, Drain +Rage
                  | rElec}
 15630 | D:2      | Bought a polished ring mail for 225 gold pieces
 15630 | D:2      | Identified the +5 ring mail of the Serpent {Fly Stlth+}
                  | (You bought it in a shop on level 2 of the Dungeon)
 15725 | D:4      | Bought a steaming chain mail for 256 gold pieces
 15725 | D:4      | Identified the +7 chain mail of the Beekeeper {Rampage rF+}
                  | (You bought it in a shop on level 4 of the Dungeon)
 15867 | D:10     | Entered Level 10 of the Dungeon
 15919 | D:10     | Noticed a two-headed ogre
 15929 | D:10     | Killed a two-headed ogre
 15975 | D:10     | Noticed Psyche
 15982 | D:10     | Killed Psyche
 16650 | D:10     | Reached skill level 10 in Fighting
 16816 | D:10     | Found a glowing golden altar of the Shining One.
 16906 | D:11     | Noticed a death yak
 16907 | D:11     | Noticed a death yak
 16908 | D:11     | Noticed a death yak
 16908 | D:11     | Noticed a death yak
 16909 | D:11     | Noticed a death yak
 16911 | D:11     | Noticed a death yak
 16913 | D:11     | Noticed a death yak
 16932 | D:10     | Killed a death yak
 16946 | D:11     | Noticed Sonja
 17023 | D:11     | Noticed Fannar
 17028 | D:11     | Noticed a boulder beetle
 17042 | D:11     | Noticed a death yak
 17044 | D:11     | Found a staircase to the Lair.
 17066 | D:10     | Killed Fannar
 17067 | D:10     | Reached skill level 12 in Stealth
 17116 | D:10     | Killed a death yak
 17139 | D:10     | Killed a death yak
 17140 | D:10     | Reached XP level 13. HP: 33/103 MP: 24/24
 17524 | D:11     | Noticed Sonja
 17524 | D:11     | Sonja changed into Sonja the blink frog
 17534 | D:11     | Killed Sonja the blink frog
 17839 | Lair:1   | Entered Level 1 of the Lair of Beasts
 18666 | Lair:2   | Found a hole to the Spider Nest.
 19497 | Lair:3   | Learned a level 3 spell: Ignite Poison
 19540 | Lair:3   | Reached XP level 14. HP: 111/111 MP: 14/26
 19660 | Lair:3   | Reached skill level 10 in Polearms
 19660 | Lair:3   | Reached skill level 10 in Dodging
 20167 | Lair:3   | Noticed Gastronok
 20185 | Lair:3   | Killed Gastronok
 20257 | Lair:3   | Noticed Nergalle
 20281 | Lair:3   | Killed Nergalle
 20356 | Lair:3   | Reached skill level 10 in Invocations
 21056 | Lair:4   | Found a staircase to the Swamp.
 21510 | Lair:4   | Reached skill level 13 in Stealth
 21996 | D:2      | Bought twisted fire dragon scales for 1625 gold pieces
 21996 | D:2      | Identified the +6 fire dragon scales of the Eternal Void
                  | {rF++ rC- Will+++ Int-4} (You bought it in a shop on level
                  | 2 of the Dungeon)
 22852 | Lair:5   | Noticed Nessos
 22902 | Lair:5   | Killed Nessos
 23052 | Lair:6   | Entered Level 6 of the Lair of Beasts
 23333 | Lair:5   | Reached XP level 15. HP: 110/119 MP: 28/28
 23929 | Lair:6   | Reached skill level 10 in Short Blades
 23929 | Lair:6   | Reached skill level 10 in Long Blades
 23929 | Lair:6   | Reached skill level 10 in Axes
 23929 | Lair:6   | Reached skill level 10 in Maces & Flails
 23929 | Lair:6   | Reached skill level 10 in Staves
 23929 | Lair:6   | Reached skill level 10 in Slings
 23929 | Lair:6   | Reached skill level 10 in Bows
 23929 | Lair:6   | Reached skill level 10 in Crossbows
 23929 | Lair:6   | Reached skill level 10 in Throwing
 23929 | Lair:6   | Reached skill level 10 in Armour
 23929 | Lair:6   | Reached skill level 10 in Shields
 23929 | Lair:6   | Reached skill level 10 in Unarmed Combat
 23929 | Lair:6   | Reached skill level 10 in Spellcasting
 23929 | Lair:6   | Reached skill level 10 in Evocations
 24066 | Lair:6   | Identified the +2 leather armour of the Hunter {rC- Str+7}
 24258 | Lair:6   | Found a viscous altar of Jiyva.
 24258 | Lair:6   | Found a staircase to the Slime Pits.
 25098 | Lair:6   | Annihilated by a dire elephant simulacrum

Illustrated notes

Levels and vault maps discovered:
D:1:      heliophobic_arrival_henge, layout_basic, glass_columns_a
D:2:      layout_basic, basic_altar, serial_shops, nicolae_shop_statue_plus,
          serial_park_tiny_2
D:3:      layout_rooms, old_standard_altar, gammafunk_ghost_necromancy,
          shapermc_ecumenical_altar_mp_vishouse, portal_sewer_entry_d,
          dk_noncrumbling_4, eino_curves_04, grunt_decor_cap
D:4:      layout_loops_ring, general_overflow_altar,
          gammafunk_temple_overflow_elements, nicolae_yredelemnul_ghost_church,
          temple_statues, serial_shops, shop, minmay_fire_ice_demons,
          uniq_eustachio, uniq_crazy_yiuf_cottage
D:5:      layout_basic, lemuel_crystal_altar, chei_slow_surprise
D:6:      layout_gridville, fedhas_altar_3, minmay_between, uniq_sigmund,
          uniq_blork_the_orc
D:7:      layout_rooms, kennysheep_generic_room_10, uniq_harold
D:8:      layout_rooms, minitemple, uniq_pikel
D:9:      minmay_the_grid_plus [minmay_the_grid_spikes,
          minmay_the_grid_tri_star, minmay_the_grid_slots,
          minmay_the_grid_armoury, minmay_the_grid_prize_shrinking_boxes],
          layout_basic, amcnicky_altar_gilded
D:10:     layout_stronghold, kennysheep_mini, kennysheep_generic_room_3,
          uniq_psyche
D:11:     layout_big_octagon, dpeg_lair_monsters, kennysheep_generic_room_5,
          uniq_sonja, uniq_fannar
D:12:     layout_basic, kennysheep_orc_monster_closet_entryway, serial_shops,
          shop_statue, lightli_corner_chamber
Temple:   eino_wide_crystal_templ
Lair:1:   layout_misc_corridors
Lair:2:   layout_cave_shapes, spider_nest_entry_web_field,
          chequers_serial_rivers_marsh, serial_bayou_shore_a
Lair:3:   layout_concentric_octagons, st_stairs_13, minmay_lair_oklob_chamber,
          uniq_gastronok, uniq_nergalle
Lair:4:   layout_gridlike, minmay_swamp_entry_swarm, beast_lair_carwin_3,
          grunt_megastairs_3, serial_bayou_shore_b, serial_bayou_shore_b
Lair:5:   layout_cellular_growth, uniq_nessos
Lair:6:   due_jungle_book, layout_loops_ring, slime_altar_1,
          serial_bayou_pond_c, kennysheep_basilisk_garden

Skill      XL: |  1  2  3  4  5  6  7  8  9 10 11 12 13 14 15 |
---------------+----------------------------------------------+-----
Stealth        | 10 11 12 13 | 13.4
Invocations    | 1 2 3 4 5 6 7 8 9 10 11 | 11.1
Short Blades   | 1 2 3 5 6 7 8 9 10 | 10.2
Long Blades    | 1 2 3 5 6 7 8 9 10 | 10.2
Axes           | 1 2 3 5 6 7 8 9 10 | 10.2
Maces & Flails | 1 2 3 5 6 7 8 9 10 | 10.2
Staves         | 1 2 3 5 6 7 8 9 10 | 10.2
Slings         | 1 2 3 5 6 7 8 9 10 | 10.2
Bows           | 1 2 3 5 6 7 8 9 10 | 10.2
Crossbows      | 1 2 3 5 6 7 8 9 10 | 10.2
Throwing       | 1 2 3 5 6 7 8 9 10 | 10.2
Armour         | 1 2 3 5 6 7 8 9 10 | 10.2
Shields        | 1 2 3 5 6 7 8 9 10 | 10.2
Unarmed Combat | 1 2 3 5 6 7 8 9 10 | 10.2
Spellcasting   | 1 2 3 5 6 7 8 9 10 | 10.2
Evocations     | 1 2 3 5 6 7 8 9 10 | 10.2
Conjurations   | 1 2 3 4 5 6 7 8 |  8.6
Hexes          | 1 2 3 4 5 6 7 8 |  8.6
Summonings     | 1 2 3 4 5 6 7 8 |  8.6
Necromancy     | 1 2 3 4 5 6 7 8 |  8.6
Translocations | 1 2 3 4 5 6 7 8 |  8.6
Transmutations | 1 2 3 4 5 6 7 8 |  8.6
Fire Magic     | 1 2 3 4 5 6 7 8 |  8.6
Ice Magic      | 1 2 3 4 5 6 7 8 |  8.6
Air Magic      | 1 2 3 4 5 6 7 8 |  8.6
Earth Magic    | 1 2 3 4 5 6 7 8 |  8.6
Poison Magic   | 1 2 3 4 5 6 7 8 |  8.6
Polearms       | 5 6 7 8 9 10 11 | 11.1
Dodging        | 5 6 7 8 9 10 11 | 11.1
Fighting       | 7 8 9 10 11 | 11.9

Action                   |  1- 3 |  4- 6 |  7- 9 | 10-12 | 13-15 || total
-------------------------+-------+-------+-------+-------+-------++-------
Melee: Spear             |    69 |   245 |   219 |       |       ||   533
       Bite              |     7 |    19 |    64 |    83 |   254 ||   427
       Punch             |       |     1 |     4 |       |       ||     5
       Halberd           |       |       |   310 |    47 |       ||   357
       Flail             |       |       |     4 |       |       ||     4
       Dagger            |       |       |       |   536 |  1550 ||  2086
Throw: Dart              |       |     2 |    14 |    10 |       ||    26
       Boomerang         |       |       |       |       |    73 ||    73
 Cast: Blink             |       |       |     1 |       |     5 ||     6
       Mephitic Cloud    |       |       |       |       |     1 ||     1
       Ignite Poison     |       |       |       |       |     1 ||     1
Evoke: Wand              |       |     9 |     4 |    14 |     3 ||    30
       Piece from Xom's  |       |       |       |     2 |     1 ||     3
  Use: Potion            |     1 |       |       |     2 |     1 ||     4
       Scroll            |     1 |       |     1 |    11 |     5 ||    18
 Stab: Sleeping          |     2 |    32 |    35 |    15 |    37 ||   121
       Distracted        |       |       |     1 |     3 |    15 ||    19
       Petrified         |       |       |       |     1 |       ||     1
       Confused          |       |       |       |       |     1 ||     1
       Paralysed         |       |       |       |       |     1 ||     1
Armor: Leather armour    |     9 |    29 |     8 |       |       ||    46
       Ring mail         |       |       |   105 |    60 |   285 ||   450
       Acid dragon scale |       |       |    19 |    77 |       ||    96
       Fire dragon scale |       |       |       |       |   368 ||   368
Dodge: Dodged            |    44 |   103 |   300 |   280 |   441 ||  1168
Block: Other             |       |       |    84 |       |       ||    84
       Buckler           |       |       |       |     9 |       ||     9
       Tower shield      |       |       |       |   630 |  1831 ||  2461

Table legend: (Time is in decaauts)
 A = Elapsed time spent in this place.
 B = Non-inter-level travel time spent in this place.
 C = Inter-level travel time spent in this place.
 D = Time resting spent in this place.
 E = Time spent auto-exploring this place.
 F = Levels seen in this place.
 G = Mean time per level.
                   A        B        C        D        E       F      G
               +--------+--------+--------+--------+--------+-----+--------+
         Total |  25089 |  22541 |   2548 |   1610 |  14698 |  21 | 1194.7 |
       Dungeon |  15890 |  13785 |   2105 |   1127 |   9501 |  12 | 1324.2 |
        Temple |     73 |     50 |     23 |      0 |     50 |   1 |   73.0 |
          Lair |   6472 |   6053 |    419 |     94 |   3957 |   6 | 1078.7 |
         Abyss |    993 |    993 |      0 |      0 |    249 |   1 |  993.0 |
         Sewer |   1660 |   1660 |      0 |    389 |    940 |   1 | 1660.0 |
               +--------+--------+--------+--------+--------+-----+--------+

Top non-repeatable levels by time:
     D:2: 2484 daAuts
     D:4: 2204 daAuts
   Sewer: 1660 daAuts
     D:7: 1542 daAuts
    D:10: 1462 daAuts
  Lair:5: 1432 daAuts
  Lair:3: 1370 daAuts
     D:9: 1367 daAuts
     D:6: 1360 daAuts
     D:5: 1321 daAuts
     D:3: 1305 daAuts
  Lair:6: 1268 daAuts
     D:1: 1159 daAuts
  Lair:4: 1004 daAuts
 Abyss:3: 993 daAuts
